 Dungeon Crawl Stone Soup version 0.25-a0-339-gb37b713 (webtiles) character file.

Game seed: 4064780806159059927, levelgen mode: deterministic

1099 Birdy the Carver (level 8, -5/44 HPs)
             Began as a Tengu Gladiator on Dec 28, 2019.
             Slain by Pikel
             ... wielding a +1 whip of electrocution
              (18 damage)
             ... on level 5 of the Dungeon.
             The game lasted 00:08:36 (4456 turns).

Birdy the Carver (Tengu Gladiator)                  Turns: 4456, Time: 00:08:38

Health: -5/44      AC: 17    Str: 21    XL:     8   Next: 32%
Magic:  9/9        EV: 14    Int: 12    God:
Gold:   175        SH:  0    Dex: 19    Spells: 7/7 levels left

rFire    . . .     SeeInvis .   n - +12 mace "Usuh" {crush, rPois Str+7}
rCold    + . .     Gourm    .   (no shield)
rNeg     . . .     Faith    .   l - +7 Kryia's mail coat {PotionHeal*2 rC+}
rPois    +         Spirit   .   c - +0 hat
rElec    .         Reflect  .   j - +0 cloak
rCorr    .         Harm     .   (no gloves)
MR       .....                  (boots unavailable)
Stlth    +.........             (no amulet)
HPRegen  0.14/turn              (no ring)
MPRegen  0.11/turn              (no ring)

@: flying quickly and evasively, quick
A: beak, talons 3, icy blue scales 1, thin skeletal structure 1, clever 1, able
to fly
a: Stop Flying


You were on level 5 of the Dungeon.
You were not hungry.

You visited 1 branch of the dungeon, and saw 5 of its levels.

You collected 175 gold pieces.

Inventory:

Hand Weapons
 a - a +1 long sword
 n - the +12 mace "Usuh" (weapon) {crush, rPois Str+7}
   (You found it on level 4 of the Dungeon)

   It inflicts extra damage upon your enemies.
   It affects your strength (+7).
   It protects you from poison.
Missiles
 d - 3 throwing nets (quivered)
Armour
 b - a +0 leather armour
 c - a +0 hat (worn)
 j - a +0 cloak (worn)
 l - the +7 Kryia's mail coat (worn) {PotionHeal*2 rC+}
   (You found it on level 5 of the Dungeon)

   It protects you from cold.
Wands
 p - a wand of flame (4)
Scrolls
 g - a scroll of enchant weapon
 h - 5 scrolls of remove curse
 i - a scroll of teleportation
 m - 3 scrolls of magic mapping
Potions
 e - a potion of haste
 k - a potion of brilliance
Comestibles
 f - 11 rations


   Skills:
 - Level 2.0 Fighting
 + Level 9.0 Long Blades
 - Level 2.0 Throwing
 - Level 6.0 Armour
 - Level 3.2 Dodging


You had 7 spell levels left.
You didn't know any spells.
Your spell library contained the following spells:

 Spells                   Type           Power        Failure   Level  Hunger
 Corona                   Hex            #......      63%         1    ##.....


Dungeon Overview and Level Annotations

Branches:
Dungeon (5/15)
 Temple: D:4-7

Altars:
Kikubaaqudgha
Okawaru
Sif Muna
Vehumet

Annotations:
D:5 Pikel


Innate Abilities, Weirdness & Mutations

You have a beak for a mouth.
You have claws for feet.
You can fly continuously.
You are partially covered in icy blue scales. (AC +2)
You have a somewhat thin skeletal structure. (Dex +2, Stealth)
Your mind is acute. (Int +2)


Message History

Pikel closely misses you. The slave barely misses you.
The slave hits you but does no damage.
You sock Pikel! Your kick misses Pikel.
Pikel is severely wounded.
The slave misses you. Pikel hits you but does no damage.
The slave closely misses you. The slave hits you. The slave misses you. x2
Pikel hits you with a +1 whip of electrocution.
You are electrocuted!
You sock Pikel! Your kick misses Pikel.
Pikel is almost dead.
The slave misses you. The slave hits you but does no damage.
Pikel closely misses you. The slave hits you. The slave barely misses you.
You closely miss Pikel. You claw Pikel, but do no damage.
Pikel is almost dead.
The slave hits you but does no damage. Pikel closely misses you.
The slave hits you.
* * * LOW HITPOINT WARNING * * *
The slave hits you but does no damage. x3; Pikel hits you but does no damage.
You are electrocuted!!
You die...

#........##......
####..##...##......
#..#..##...##......
#......+...........
#......#...........
#......#...###+####
#......#...# ..
##....##...# ...
#@p..###### ...
#Kpp...... ....
#.p....... ####
#.........
#.........
#......... .
##....#### . .....#


You could see Pikel and 4 slaves.

Vanquished Creatures
  The ghost of Morgoth the Basher, a novice HOCK of Xom (D:4)
  Menkaure (D:4)
  An orc warrior (D:4)
  An ogre (D:4)
  Crazy Yiuf (D:4)
  A hound (D:5)
  2 orc priests (D:4)
  A bullfrog skeleton (D:5)
  An orc wizard (D:4)
  Terence (D:3)
  2 iguanas (D:4)
  3 worker ants
  4 gnolls (D:2)
  6 adders
  2 oozes
  An adder skeleton (D:3)
  2 worms
  2 dart slugs (D:1)
  2 leopard geckos (D:1)
  17 orcs
  2 giant cockroaches
  7 goblins
  4 hobgoblins
  2 jackals (D:2)
  5 quokkas
  4 bats
  10 frilled lizards
  4 kobolds
  A leopard gecko skeleton (D:4)
  8 rats
99 creatures vanquished.

Notes
Turn   | Place    | Note
-------+----------+-------------------------------------------
     0 | D:1      | Birdy the Tengu Gladiator began the quest for the Orb.
     0 | D:1      | Reached XP level 1. HP: 12/12 MP: 2/2
    17 | D:1      | Reached skill level 1 in Armour
    23 | D:1      | Reached XP level 2. HP: 14/17 MP: 3/3
   586 | D:1      | Reached XP level 3. HP: 14/21 MP: 4/4
   647 | D:2      | Reached skill level 4 in Long Blades
   767 | D:2      | HP: 1/21 [worm (5)]
  1063 | D:2      | Reached XP level 4. HP: 17/26 MP: 5/5
  1936 | D:2      | Gained mutation: You have a somewhat thin skeletal
                  | structure. (Dex +2, Stealth) [potion of mutation]
  1936 | D:2      | Gained mutation: Your mind is acute. (Int +2) [potion of
                  | mutation]
  1936 | D:2      | Gained mutation: You are partially covered in icy blue
                  | scales. (AC +2) [potion of mutation]
  1982 | D:3      | Gained mutation: You can fly continuously. [Tengu growth]
  1982 | D:3      | Reached XP level 5. HP: 22/30 MP: 6/6
  2203 | D:3      | Reached skill level 5 in Long Blades
  2410 | D:3      | Noticed Terence
  2414 | D:3      | Killed Terence
  2850 | D:4      | Found an iron altar of Okawaru.
  2859 | D:4      | Reached XP level 6. HP: 29/35 MP: 7/7
  2888 | D:4      | Noticed an orc warrior
  2984 | D:4      | Reached skill level 6 in Long Blades
  2985 | D:4      | Killed an orc warrior
  2985 | D:4      | Reached skill level 5 in Armour
  2985 | D:4      | Reached XP level 7. HP: 19/40 MP: 8/8
  3452 | D:4      | Got a warped mace
  3453 | D:4      | Identified the +12 mace "Usuh" {crush, rPois Str+7} (You
                  | found it on level 4 of the Dungeon)
  3458 | D:4      | Found a runed translucent door.
  3459 | D:4      | Noticed Crazy Yiuf
  3465 | D:4      | Killed Crazy Yiuf
  3596 | D:4      | Noticed Menkaure
  3647 | D:4      | Killed Menkaure
  3647 | D:4      | Reached skill level 7 in Long Blades
  3930 | D:4      | Found a shimmering blue altar of Sif Muna.
  3931 | D:4      | Found an ancient bone altar of Kikubaaqudgha.
  3932 | D:4      | Found a radiant altar of Vehumet.
  3936 | D:4      | Identified Sif Muna's Incunabulum of the Oath
  4074 | D:4      | Found a runed translucent door.
  4077 | D:4      | Noticed Morgoth's ghost (novice HOCK)
  4093 | D:4      | Killed Morgoth's ghost
  4093 | D:4      | Reached skill level 8 in Long Blades
  4093 | D:4      | Reached XP level 8. HP: 41/44 MP: 9/9
  4258 | D:5      | Entered Level 5 of the Dungeon
  4415 | D:5      | Reached skill level 9 in Long Blades
  4418 | D:5      | Found the +7 Kryia's mail coat {PotionHeal*2 rC+}
  4449 | D:5      | Noticed Pikel
  4456 | D:5      | Slain by Pikel

Levels and vault maps discovered:
D:1:      minmay_arrival_up_and_down, layout_loops_ring, minmay_lizard_king
D:2:      wad_woods_settlement, layout_basic
D:3:      layout_basic, first_ration, uniq_terence
D:4:      layout_basic, grunt_temple_overflow_magic_moments,
          gammafunk_ghost_grave, okawaru_ov_weapons_minmay,
          uniq_crazy_yiuf_cottage, uniq_menkaure
D:5:      layout_gridville, grunt_temple_overflow_forces_of_nature,
          temple_fountains, minmay_between, uniq_blork_the_orc, uniq_pikel

Skill      XL: |  1  2  3  4  5  6  7  8 |
---------------+-------------------------+-----
Armour         | 1 2 3 4 5 6 |  6.0
Long Blades    | 4 5 6 8 9 |  9.0
Fighting       | |  2.0
Throwing       | |  2.0
Dodging        | |  3.2

Action                   |  1- 3 |  4- 6 |  7- 9 || total
-------------------------+-------+-------+-------++-------
Melee: Long sword        |    61 |    95 |    17 ||   173
       Kick              |    18 |    34 |    19 ||    71
       Peck              |    16 |    17 |    12 ||    45
       Mace              |       |       |    34 ||    34
 Abil: Fly               |       |     1 |       ||     1
  Use: Scroll            |     6 |     4 |     2 ||    12
       Potion            |     2 |     3 |     1 ||     6
 Stab: Sleeping          |     1 |     2 |     2 ||     5
       Invisible         |       |     1 |       ||     1
  Eat: Chunk             |       |     7 |     4 ||    11
Armor: Leather armour    |    13 |    17 |     5 ||    35
       Skin              |       |       |     6 ||     6
       Scale mail        |       |       |     9 ||     9
Dodge: Dodged            |    41 |    75 |    39 ||   155
       Rpst.: Long sword |    12 |    32 |     2 ||    46

Table legend:
 A = Non-vault XP
 B = Vault XP
 C = Vault XP percentage of total XP
 D = Non-vault monster count
 E = Vault monster count
 F = Vault count percentage of total count
                 A         B        C        D         E       F
            +---------+---------+-------+---------+---------+-------
      Total |     830 |     741 |  47.2 |      81 |      18 |  18.2
            +---------+---------+-------+---------+---------+-------
        D:1 |      26 |       9 |  25.7 |      14 |       7 |  33.3
        D:2 |      59 |      63 |  51.6 |      17 |       7 |  29.2
        D:3 |     105 |      36 |  25.5 |      32 |       1 |   3.0
        D:4 |     524 |     633 |  54.7 |      15 |       3 |  16.7
        D:5 |     116 |       0 |   0.0 |       3 |       0 |   0.0
            +---------+---------+-------+---------+---------+-------
